 Dungeon Crawl Stone Soup version 0.30-a0-824-g6c64550be9 (webtiles) character file.

Game seed: 297437802740966610

31 Nacht the Sneak (level 3, -3/28 HPs)
             Began as a Naga Earth Elementalist on Feb 27, 2023.
             Slain by Terence
             ... wielding a +6 flail of protection
              (11 damage)
             ... on level 2 of the Dungeon.
             The game lasted 00:02:24 (1570 turns).

Nacht the Sneak (Naga Earth Elementalist)           Turns: 1570, Time: 00:02:25

Health: -3/28      AC:  2    Str: 10    XL:     3   Next: 22%
Magic:  1/6        EV:  9    Int: 17    God:
Gold:   68         SH:  0    Dex: 11    Spells: 0/6 levels left

rFire   . . .      SeeInvis +    (no weapon)
rCold   . . .      Faith    .    (no shield)
rNeg    . . .      Spirit   .    a - +0 robe
rPois   +          Reflect  .    (no helmet)
rElec   .          Harm     .    (no cloak)
rCorr   .          Rampage  .    (no gloves)
Will    .....                    (no barding)
Stlth   ++                       (no amulet)
HPRegen 0.24/turn                (no ring)
MPRegen 0.10/turn                (no ring)

@: very slow
A: AC +1, large, see invisible, deformed body, poison resistance, slowness 2,
spit poison 1, naga tail 1
a: Spit Poison


You were on level 2 of the Dungeon.
You visited 1 branch of the dungeon, and saw 2 of its levels.

You collected 68 gold pieces.

Inventory:

Armour
 a - a +0 robe (worn)
Scrolls
 d - a scroll of torment {unknown}
 f - a scroll of identify
 h - a scroll of teleportation {unknown}
Potions
 c - 3 potions of degeneration {unknown}
 e - a potion of might {unknown}
 g - a potion of magic


   Skills:
 - Level 1.5 Dodging
 + Level 3.9 Stealth
 - Level 2.0 Spellcasting
 * Level 0.1 Conjurations
 - Level 1.0 Transmutations
 * Level 3.9 Earth Magic


You couldn't memorise any spells.
You knew the following spells:

 Your Spells              Type           Power      Damage    Failure   Level
a - Sandblast             Erth           30%        2d9       3%          1
b - Stone Arrow           Conj/Erth      16%        3d8       26%         3
w - Passwall              Tmut/Erth      8%         N/A       11%         2

Your spell library contained the following spells:

 Spells                   Type           Power      Damage    Failure   Level
 Petrify                  Tmut/Erth      10%        N/A       56%         4


Dungeon Overview and Level Annotations

Branches:
Dungeon (2/15)

Altars:

Annotations:
D:2 Terence


Innate Abilities, Weirdness & Mutations

Your serpentine skin is tough. (AC +1)
You have supernaturally acute eyesight. (SInv)
Armour fits poorly on your strangely shaped body.
Your system is resistant to poisons. (rPois)
You cover ground very slowly.
You can spit poison.
You have a snake-like lower body.


Message History

This rock feels extremely deep.
Casting: Passwall (safe; 11% risk of failure)
Confirm with . or Enter, or press ? or * to list all spells.
Aiming: Passwall (safe; 11% risk of failure)
Press: ? - help, Dir - move target A rock wall.
This rock feels extremely deep.
Casting: Passwall (safe; 11% risk of failure)
Confirm with . or Enter, or press ? or * to list all spells.
You can't see any susceptible monsters within range! (Use Z to cast anyway.)
Okay, then.
Casting: Passwall (safe; 11% risk of failure)
Confirm with . or Enter, or press ? or * to list all spells.
Aiming: Passwall (safe; 11% risk of failure)
Press: ? - help, Dir - move target A rock wall.
You miscast Passwall.
You are very lightly contaminated with residual magic.
Nothing appears to happen.
Casting: Passwall (safe; 11% risk of failure)
Confirm with . or Enter, or press ? or * to list all spells.
Aiming: Passwall (safe; 11% risk of failure)
Press: ? - help, Dir - move target A rock wall.
You begin to meditate on the wall.
You continue meditating on the rock. x2
Terence hits you with a +6 flail of protection!
You finish merging with the rock.
Terence completely misses you.
Your magical contamination has completely faded away.
Casting: Passwall (safe; 11% risk of failure)
Confirm with . or Enter, or press ? or * to list all spells.
Aiming: Passwall (safe; 11% risk of failure)
Press: ? - help, Dir - move target A rock wall.
Terence hits you with a +6 flail of protection.
* * * LOW HITPOINT WARNING * * *
You begin to meditate on the wall.
You continue meditating on the rock.
Terence screams, "I'm going to kill you!"
Terence hits you with a +6 flail of protection!
You die...

#.# #.##..#.....#
#.#####.##.......)#
#.#...............# #.
#.#.###.#######.### #. #.#.# #.#
#.# #. #.#.###.# ##'## #.
#.......# ##...## ..## ###.#####
##.....## ##$## #.#@##
##.......##
#...##########.@..####.........##
.....................'.........'.
....#########.#...####...>.....##
....# #.##.## ##.......## ..#.#
#.#### ##.....## <##.# #.#
##...## # #.# #.## ##'## #.# #..#
#.#


You could see Terence.

Vanquished Creatures
  3 bats
  5 endoplasms (D:1)
  A giant cockroach (D:1)
  4 goblins
  3 hobgoblins (D:1)
  A jackal (D:1)
  3 ball pythons
  A frilled lizard (D:1)
  3 kobolds
  4 rats
28 creatures vanquished.

Notes
Turn   | Place    | Note
-------+----------+-------------------------------------------
     0 | D:1      | Nacht the Naga Earth Elementalist began the quest for the
                  | Orb.
     0 | D:1      | Reached XP level 1. HP: 15/15 MP: 3/3
    80 | D:1      | Reached XP level 2. HP: 21/22 MP: 0/5
  1029 | D:1      | Reached XP level 3. HP: 19/28 MP: 3/6
  1319 | D:2      | Learned a level 2 spell: Passwall
  1323 | D:2      | Learned a level 3 spell: Stone Arrow
  1522 | D:2      | Noticed Terence
  1570 | D:2      | Slain by Terence

Illustrated notes

Levels and vault maps discovered:
D:1:      saegor_arrival_simple_d, layout_loops_corners,
          chequers_hall_statues_corner_a, st_stairs_2
D:2:      layout_loops_corners, dreamdust_wishing_well, uniq_terence

Action                     || total
---------------------------++-------
   Cast: Sandblast         ||    42
         Passwall          ||     2
    Use: Potion            ||     1
         Scroll            ||     2
 Armour: Robe              ||     3
  Dodge: Dodged            ||    12

Table legend: (Time is in decaauts)
 A = Elapsed time spent in this place.
 B = Non-inter-level travel time spent in this place.
 C = Inter-level travel time spent in this place.
 D = Time resting spent in this place.
 E = Time spent auto-exploring this place.
 F = Levels seen in this place.
 G = Mean time per level.
                   A        B        C        D        E       F      G
               +--------+--------+--------+--------+--------+-----+--------+
         Total |   2020 |   2020 |      0 |      0 |   1810 |   2 | 1010.0 |
       Dungeon |   2020 |   2020 |      0 |      0 |   1810 |   2 | 1010.0 |
               +--------+--------+--------+--------+--------+-----+--------+

Top non-repeatable levels by time:
     D:1: 1459 daAuts
     D:2: 560 daAuts
